| TOP OF THE 1ST |
|
West Virginia Black Bears batting - Pitching for Eugene Emeralds : RHP Scott Hanson
|
|
Pitching: RHP Scott Hanson
|
|
|
Batting: RHB Ken Manser
|
0-0: Called Strike 0-1: Ball 1-1: Ball 2-1: Foul Ball, location: 2F 2-2: Ball 3-2: Base on Balls
|
|
Batting: LHB Tomohiro Yokoyama
|
0-0: Called Strike 0-1: Hit by Pitch Ken Manser to second
|
|
Batting: RHB Jeff Edwards
|
0-0: Foul Ball, location: 2F 0-1: Fielders Choice at 2nd, 5-4 (Groundball, 5, EV 86.2 MPH) Ken Manser to third
|
|
Batting: LHB Norm Silveira-Wray
|
0-0: Called Strike 0-1: Ball 1-1: Ball 2-1: Fly out, F9 (Flyball, 89S, EV 85.6 MPH)
|
|
Batting: LHB Donald Imre
|
0-0: Ball 1-0: Ball 2-0: Swinging Strike 2-1: Swinging Strike 2-2: Strikes out swinging
|
| Top of the 1st over - 0 runs, 0 hits, 0 errors, 2 left on base; West Virginia 0 - Eugene 0 |
| BOTTOM OF THE 1ST |
|
Eugene Emeralds batting - Pitching for West Virginia Black Bears : RHP Tony Ortiz
|
|
Pitching: RHP Tony Ortiz
|
|
|
Now in LF: Joe Wise
|
|
|
Batting: RHB Du Kim
|
0-0: Fly out, F5 (Line Drive, 5, EV 70.0 MPH)
|
|
Batting: LHB Emir Jalil
|
0-0: SINGLE (Groundball, 4MD, EV 101.9 MPH)
|
|
Batting: LHB Wing-tat Tai
|
0-0: SINGLE (Groundball, 3D, EV 100.6 MPH) Emir Jalil to second Runner from 2nd tries for 3rd, SAFE, no throw by RF
|
|
Batting: RHB Mike Hill
|
0-0: Swinging Strike 0-1: Swinging Strike 0-2: Strikes out swinging
|
|
Batting: RHB Josh Asch
|
0-0: Called Strike 0-1: Ball 1-1: Ball 2-1: Ball 3-1: Ground out 4-3 (Groundball, 4, EV 76.9 MPH)
|
| Bottom of the 1st over - 0 runs, 2 hits, 0 errors, 2 left on base; West Virginia 0 - Eugene 0 |
| TOP OF THE 2ND |
|
West Virginia Black Bears batting - Pitching for Eugene Emeralds : RHP Scott Hanson
|
|
Batting: LHB Brandon Sarni
|
0-0: Ground out 6-3 (Groundball, 6, EV 92.5 MPH)
|
|
Batting: RHB John Goynes
|
0-0: Ball 1-0: Foul Ball, location: 2F 1-1: Ball 2-1: Fly out, F9 (Flyball, 89M, EV 77.5 MPH)
|
|
Batting: RHB Tom Tate
|
0-0: Swinging Strike 0-1: SINGLE (Line Drive, 8LS, EV 105.6 MPH)
|
|
Batting: RHB Brian Moore
|
0-0: Ball 1-0: Ball 2-0: Ball 3-0: Called Strike 3-1: Swinging Strike 3-2: Base on Balls Tom Tate to second
|
|
Batting: RHB Ken Manser
|
0-0: Ball 1-0: Ball 2-0: Fly out, F8 (Flyball, 8LD, EV 93.8 MPH)
|
| Top of the 2nd over - 0 runs, 1 hit, 0 errors, 2 left on base; West Virginia 0 - Eugene 0 |
| BOTTOM OF THE 2ND |
|
Eugene Emeralds batting - Pitching for West Virginia Black Bears : RHP Tony Ortiz
|
|
Batting: RHB Jorge Lagunas
|
0-0: Called Strike 0-1: Ball 1-1: Called Strike 1-2: Strikes out swinging
|
|
Batting: RHB Dave de Wolff
|
0-0: Ball 1-0: Swinging Strike 1-1: Fly out, F4 (Popup, 4M, EV 55.0 MPH)
|
|
Batting: RHB David Bousfield
|
0-0: Ball 1-0: Called Strike 1-1: Called Strike 1-2: Ball 2-2: Strikes out swinging
|
| Bottom of the 2nd over - 0 runs, 0 hits, 0 errors, 0 left on base; West Virginia 0 - Eugene 0 |
| TOP OF THE 3RD |
|
West Virginia Black Bears batting - Pitching for Eugene Emeralds : RHP Scott Hanson
|
|
Batting: LHB Joe Wise
|
0-0: Swinging Strike 0-1: Ball 1-1: Ball 2-1: Swinging Strike 2-2: Fly out, F8 (Flyball, 8RD, EV 90.6 MPH)
|
|
Batting: RHB Jeff Edwards
|
0-0: Called Strike 0-1: SOLO HOME RUN (Flyball, 7D, EV 94.4 MPH), Distance : 349 ft
|
|
Batting: LHB Norm Silveira-Wray
|
0-0: Ball 1-0: Ball 2-0: Fly out, F9 (Flyball, 9, EV 92.5 MPH)
|
|
Batting: LHB Donald Imre
|
0-0: Hit by Pitch
|
|
Batting: LHB Brandon Sarni
|
0-0: Foul Ball, location: 2F 0-1: Ball Wild Pitch! Donald Imre to second 1-1: Ball 2-1: Called Strike 2-2: 2-RUN HOME RUN (Flyball, 89XD, EV 102.5 MPH), Distance : 408 ft
|
|
Batting: RHB John Goynes
|
0-0: Ball 1-0: Ball 2-0: Called Strike 2-1: Ground out 4-3 (Groundball, 4MD, EV 93.8 MPH)
|
| Top of the 3rd over - 3 runs, 2 hits, 0 errors, 0 left on base; West Virginia 3 - Eugene 0 |
| BOTTOM OF THE 3RD |
|
Eugene Emeralds batting - Pitching for West Virginia Black Bears : RHP Tony Ortiz
|
|
Batting: RHB Dan Orozco
|
0-0: Swinging Strike 0-1: Ball 1-1: Ball 2-1: Ball 3-1: Foul Ball, location: 2F 3-2: Foul Ball, location: 2F 3-2: Strikes out swinging
|
|
Batting: RHB Du Kim
|
0-0: Called Strike 0-1: Foul Ball, location: 2F 0-2: Ground out 6-3 (Groundball, 56D, EV 88.1 MPH)
|
|
Batting: LHB Emir Jalil
|
0-0: Swinging Strike 0-1: Ball 1-1: Foul Ball, location: 2F 1-2: Ball 2-2: Foul Ball, location: 2F 2-2: Ball 3-2: SINGLE (Groundball, 6MD, EV 95.6 MPH)
|
|
Batting: LHB Wing-tat Tai
|
0-0: Ball 1-0: Foul Ball, location: 2F 1-1: Ball 2-1: Called Strike 2-2: SINGLE (Line Drive, 3D, EV 97.5 MPH) Emir Jalil to second Runner from 2nd tries for 3rd, SAFE, throw by RF made to third
|
|
Batting: RHB Mike Hill
|
0-0: Called Strike 0-1: Ball 1-1: Foul Ball, location: 2F 1-2: Ball 2-2: Ground out 6-3 (Groundball, 6S, EV 91.2 MPH)
|
| Bottom of the 3rd over - 0 runs, 2 hits, 0 errors, 2 left on base; West Virginia 3 - Eugene 0 |
| TOP OF THE 4TH |
|
West Virginia Black Bears batting - Pitching for Eugene Emeralds : RHP Scott Hanson
|
|
Batting: RHB Tom Tate
|
0-0: Foul Ball, location: 2F 0-1: Ball 1-1: Ball 2-1: Foul Ball, location: 2F 2-2: Strikes out swinging
|
|
Batting: RHB Brian Moore
|
0-0: Foul Ball, location: 2F 0-1: Ball 1-1: Foul Ball, location: 2F 1-2: Foul Ball, location: 2F 1-2: Ground out 3-1 (Groundball, 34, EV 98.8 MPH)
|
|
Batting: RHB Ken Manser
|
0-0: Foul Ball, location: 2F 0-1: Ball 1-1: Foul Ball, location: 2F 1-2: DOUBLE (Flyball, 78D, EV 98.1 MPH)
|
|
Batting: LHB Joe Wise
|
0-0: Ground out U3 (Groundball, 34, EV 77.5 MPH)
|
| Top of the 4th over - 0 runs, 1 hit, 0 errors, 1 left on base; West Virginia 3 - Eugene 0 |
| BOTTOM OF THE 4TH |
|
Eugene Emeralds batting - Pitching for West Virginia Black Bears : RHP Tony Ortiz
|
|
Batting: RHB Josh Asch
|
0-0: Swinging Strike 0-1: Ball 1-1: Ball 2-1: Swinging Strike 2-2: Fly out, F7 (Line Drive, 78D, EV 86.2 MPH)
|
|
Batting: RHB Jorge Lagunas
|
0-0: Called Strike 0-1: Foul Ball, location: 2F 0-2: Strikes out swinging
|
|
Batting: RHB Dave de Wolff
|
0-0: Ball 1-0: Called Strike 1-1: Swinging Strike 1-2: Strikes out looking
|
| Bottom of the 4th over - 0 runs, 0 hits, 0 errors, 0 left on base; West Virginia 3 - Eugene 0 |
| TOP OF THE 5TH |
|
West Virginia Black Bears batting - Pitching for Eugene Emeralds : RHP Scott Hanson
|
|
Batting: RHB Jeff Edwards
|
0-0: Called Strike 0-1: Ball 1-1: SINGLE (Groundball, 34D, EV 95.6 MPH)
|
|
Batting: LHB Norm Silveira-Wray
|
0-0: Ball 1-0: Ball 2-0: Ball 3-0: Base on Balls Jeff Edwards to second
|
|
Batting: LHB Donald Imre
|
0-0: Ball 1-0: Called Strike 1-1: Fielders Choice at 2nd, 3-6 (Groundball, 3, EV 99.4 MPH) Jeff Edwards to third
|
|
Pitching: RHP Victor de Leon
|
|
|
Batting: LHB Brandon Sarni
|
0-0: Called Strike Donald Imre steals 2nd base 0-1: Swinging Strike 0-2: Ground out 5-3 (Groundball, 56S, EV 81.2 MPH) Jeff Edwards scores
|
|
Batting: RHB John Goynes
|
0-0: Called Strike Donald Imre steals 3rd base 0-1: Ball 1-1: Foul Ball, location: 2F 1-2: Ground out 6-3 (Groundball, 6, EV 104.4 MPH)
|
| Top of the 5th over - 1 run, 1 hit, 0 errors, 1 left on base; West Virginia 4 - Eugene 0 |
| BOTTOM OF THE 5TH |
|
Eugene Emeralds batting - Pitching for West Virginia Black Bears : RHP Tony Ortiz
|
|
Batting: RHB David Bousfield
|
0-0: Called Strike 0-1: Foul Ball, location: 2F 0-2: Foul Ball, location: 2F 0-2: Ball 1-2: Strikes out looking
|
|
Batting: RHB Dan Orozco
|
0-0: Foul Ball, location: 2F 0-1: Ball 1-1: Swinging Strike 1-2: Ball 2-2: Strikes out swinging
|
|
Batting: RHB Du Kim
|
0-0: Foul Ball, location: 2F 0-1: Ball 1-1: Swinging Strike 1-2: SINGLE (Line Drive, 7S, EV 109.4 MPH)
|
|
Batting: LHB Emir Jalil
|
0-0: Ball 1-0: Ball Du Kim is caught stealing 2nd base 2-6
|
| Bottom of the 5th over - 0 runs, 1 hit, 0 errors, 0 left on base; West Virginia 4 - Eugene 0 |
| TOP OF THE 6TH |
|
West Virginia Black Bears batting - Pitching for Eugene Emeralds : RHP Victor de Leon
|
|
Batting: RHB Tom Tate
|
0-0: Called Strike 0-1: Called Strike 0-2: Strikes out swinging
|
|
Batting: RHB Brian Moore
|
0-0: Ground out U3 (Groundball, 34, EV 88.1 MPH)
|
|
Batting: RHB Ken Manser
|
0-0: Ball 1-0: Called Strike 1-1: Ball 2-1: Ground out 1-3 (Groundball, 13, EV 73.8 MPH)
|
| Top of the 6th over - 0 runs, 0 hits, 0 errors, 0 left on base; West Virginia 4 - Eugene 0 |
| BOTTOM OF THE 6TH |
|
Eugene Emeralds batting - Pitching for West Virginia Black Bears : RHP Tony Ortiz
|
|
Batting: LHB Emir Jalil
|
0-0: Called Strike 0-1: Ball 1-1: Ball 2-1: Swinging Strike 2-2: Foul Ball, location: 2F 2-2: Strikes out looking
|
|
Batting: LHB Wing-tat Tai
|
0-0: Called Strike 0-1: Ball 1-1: Foul Ball, location: 2F 1-2: Ground out 3-1 (Groundball, 13, EV 93.8 MPH)
|
|
Batting: RHB Mike Hill
|
0-0: Swinging Strike 0-1: Swinging Strike 0-2: Ball 1-2: Strikes out swinging
|
| Bottom of the 6th over - 0 runs, 0 hits, 0 errors, 0 left on base; West Virginia 4 - Eugene 0 |
| TOP OF THE 7TH |
|
West Virginia Black Bears batting - Pitching for Eugene Emeralds : RHP Victor de Leon
|
|
Batting: LHB Joe Wise
|
0-0: Called Strike 0-1: Ball 1-1: Ground out 5-3 (Groundball, 56, EV 77.5 MPH)
|
|
Pitching: LHP Jose Gutierres
|
|
|
Batting: RHB Jeff Edwards
|
0-0: Ground out 4-3 (Groundball, 4M, EV 106.9 MPH)
|
|
Batting: LHB Norm Silveira-Wray
|
0-0: Ball 1-0: Swinging Strike 1-1: Foul Ball, location: 2F 1-2: Ball 2-2: Ground out 6-3 (Groundball, 6, EV 78.8 MPH)
|
| Top of the 7th over - 0 runs, 0 hits, 0 errors, 0 left on base; West Virginia 4 - Eugene 0 |
| BOTTOM OF THE 7TH |
|
Eugene Emeralds batting - Pitching for West Virginia Black Bears : RHP Tony Ortiz
|
|
Pitching: RHP Hitoshi Yoshihara
|
|
|
Batting: RHB Josh Asch
|
0-0: Ball 1-0: Ball 2-0: Ball 3-0: Base on Balls
|
|
Batting: RHB Jorge Lagunas
|
0-0: Swinging Strike 0-1: Grounds into double play, 6-4-3 (Groundball, 6, EV 88.1 MPH)
|
|
Batting: RHB Dave de Wolff
|
0-0: Foul Ball, location: 2F 0-1: Called Strike 0-2: Ground out 6-3 (Groundball, 6, EV 83.1 MPH)
|
| Bottom of the 7th over - 0 runs, 0 hits, 0 errors, 0 left on base; West Virginia 4 - Eugene 0 |
| TOP OF THE 8TH |
|
West Virginia Black Bears batting - Pitching for Eugene Emeralds : LHP Jose Gutierres
|
|
Batting: LHB Donald Imre
|
0-0: Ball 1-0: Called Strike 1-1: Ball 2-1: Ball 3-1: Called Strike 3-2: Strikes out swinging
|
|
Batting: LHB Brandon Sarni
|
0-0: Called Strike 0-1: Called Strike 0-2: Ball 1-2: Strikes out swinging
|
|
Batting: RHB John Goynes
|
0-0: SINGLE (Line Drive, 6D, EV 107.5 MPH)
|
|
Batting: RHB Tom Tate
|
0-0: Called Strike 0-1: Foul Ball, location: 2F 0-2: Strikes out swinging
|
| Top of the 8th over - 0 runs, 1 hit, 0 errors, 1 left on base; West Virginia 4 - Eugene 0 |
| BOTTOM OF THE 8TH |
|
Eugene Emeralds batting - Pitching for West Virginia Black Bears : RHP Hitoshi Yoshihara
|
|
Batting: RHB David Bousfield
|
0-0: Ground out U3 (Groundball, 34, EV 101.9 MPH)
|
|
Pinch Hitting: RHB Ricky Ramirez
|
0-0: Ball 1-0: Ball 2-0: Ball 3-0: Base on Balls
|
|
Batting: RHB Du Kim
|
0-0: SINGLE (Groundball, P, EV 85.6 MPH) (infield hit) Ricky Ramirez to second
|
|
Batting: LHB Emir Jalil
|
0-0: Ball 1-0: Called Strike 1-1: Ball 2-1: Grounds into double play, 4-6-3 (Groundball, 4M, EV 100.6 MPH)
|
| Bottom of the 8th over - 0 runs, 1 hit, 0 errors, 1 left on base; West Virginia 4 - Eugene 0 |
| TOP OF THE 9TH |
|
West Virginia Black Bears batting - Pitching for Eugene Emeralds : LHP Jose Gutierres
|
|
Now at 2B: Ricky Ramirez
|
|
|
Batting: RHB Brian Moore
|
0-0: Ball 1-0: Called Strike 1-1: Called Strike 1-2: SINGLE (Flyball, 56D, EV 92.5 MPH)
|
|
Batting: RHB Ken Manser
|
0-0: Ball 1-0: Bunted foul 1-1: Bunt missed! 1-2: Foul Ball, location: 2F 1-2: Strikes out swinging
|
|
Batting: LHB Joe Wise
|
0-0: Swinging Strike 0-1: Foul Ball, location: 2F 0-2: Ball 1-2: Strikes out looking
|
|
Batting: RHB Jeff Edwards
|
0-0: Ball 1-0: SINGLE (Groundball, 6, EV 98.1 MPH) Brian Moore to second
|
|
Batting: LHB Norm Silveira-Wray
|
0-0: Ball 1-0: Ball 2-0: Ball 3-0: Called Strike 3-1: Foul Ball, location: 2F 3-2: Base on Balls Brian Moore to third Jeff Edwards to second
|
|
Batting: LHB Donald Imre
|
0-0: Called Strike 0-1: Called Strike 0-2: Ball Wild Pitch! Brian Moore scores Jeff Edwards to third Norm Silveira-Wray to second 1-2: Ball 2-2: Strikes out swinging
|
| Top of the 9th over - 1 run, 2 hits, 0 errors, 2 left on base; West Virginia 5 - Eugene 0 |
| BOTTOM OF THE 9TH |
|
Eugene Emeralds batting - Pitching for West Virginia Black Bears : RHP Hitoshi Yoshihara
|
|
Batting: LHB Wing-tat Tai
|
0-0: Ball 1-0: Called Strike 1-1: Foul Ball, location: 2F 1-2: Strikes out swinging
|
|
Batting: RHB Mike Hill
|
0-0: Called Strike 0-1: Foul Ball, location: 2F 0-2: Ball 1-2: Strikes out looking
|
|
Batting: RHB Josh Asch
|
0-0: Foul Ball, location: 2F 0-1: Called Strike 0-2: Ball 1-2: Foul Ball, location: 2F 1-2: Strikes out swinging
|
| Bottom of the 9th over - 0 runs, 0 hits, 0 errors, 0 left on base; West Virginia 5 - Eugene 0 |
|